 Dungeon Crawl Stone Soup version 0.23-a0-584-g44dd78f (webtiles) character file.

294485 Widdershanks the Swashbuckler (level 22, -5/133 HPs)
             Began as a Kobold Monk on Dec 17, 2018.
             Was a High Priest of Okawaru.
             Killed from afar by a shadow dragon (25 damage)
             ... with a bolt of negative energy
             ... on level 3 of the Depths on Dec 18, 2018.
             The game lasted 07:26:26 (56612 turns).

Widdershanks the Swashbuckler (Kobold Monk)        Turns: 56612, Time: 07:26:26

Health: -5/133     AC: 24    Str: 16    XL:     22   Next: 17%
Magic:  0/27       EV: 15    Int: 14    God:    Okawaru [*****.]
Gold:   1200       SH: 13    Dex: 19    Spells: 20/21 levels left

rFire    . . .     SeeInvis +   l - +5 short sword (vamp)
rCold    + . .     Gourm    .   P - +0 shield
rNeg     . . .     Faith    .   r - +6 chain mail {MR+}
rPois    +         Spirit   +   I - +2 hat {SInv}
rElec    +         Reflect  .   d - scarf {repulsion}
rCorr    .         Harm     .   s - +2 pair of gloves
MR       ++...     Clarity  +   o - +0 pair of boots of Dice, Bag, and Bottle {rElec rPois Str+2}
Stlth    ..........             b - amulet of guardian spirit
HPRegen  0.32/turn              O - ring of flight
MPRegen  0.20/turn              K - ring "Hilil" {rC+ Slay+3}

@: heavily drained, repel missiles
A: small, carnivore, clarity, poison resistance
}: 1/15 runes: gossamer
a: Heroism, Finesse, Renounce Religion, Evoke Flight


You were on level 3 of the Depths.
You worshipped Okawaru.
Okawaru was extremely pleased with you.
You were very full.

You visited 8 branches of the dungeon, and saw 34 of its levels.
You also visited: Sewer, Ossuary and Volcano.

You collected 2963 gold pieces.
You spent 1763 gold pieces at shops.

Inventory:

Hand Weapons
 l - a +5 vampiric short sword (weapon)
 q - a +1 short sword of electrocution
 D - the +1 dagger "Beuneavig" {drain, *Rage rPois rC+ MR++}
   (Okawaru gifted it to you on level 12 of the Dungeon)

   A truly terrible weapon, it drains the life of those it strikes.
   It protects you from cold.
   It protects you from poison.
   It affects your resistance to hostile enchantments.
   It may make you go berserk in combat.
 E - a +4 quick blade
 G - the +0 dagger "Hydraslayer" {holy, rC++}
   (Okawaru gifted it to you on level 2 of the Depths)

   It has been blessed by the Shining One to cause great damage to the undead
   and demons.
   It greatly protects you from cold.
Armour
 d - a scarf of repulsion (worn)
 o - the +0 pair of boots of Dice, Bag, and Bottle (worn) {rElec rPois Str+2}
   (You acquired it on level 14 of the Dungeon)

   It affects your strength (+2).
   It insulates you from electricity.
   It protects you from poison.
 r - a +6 chain mail of magic resistance (worn)
 s - a +2 pair of gloves (worn)
 I - a +2 hat of see invisible (worn)
 P - a +0 shield (worn)
 U - a scarf of resistance
Jewellery
 b - an amulet of guardian spirit (around neck)
 u - the ring "Ikacur" {rCorr Int+3}
   (You found it on level 4 of the Dungeon)

   [ring of resist corrosion]

   It affects your intelligence (+3).
 K - the ring "Hilil" (right hand) {rC+ Slay+3}
   (You bought it in a shop on level 2 of the Orcish Mines)

   [ring of protection from cold]

   It affects your accuracy and damage with ranged weapons and melee attacks
   (+3).
   It protects you from cold.
 O - a ring of flight (left hand)
 S - a +4 ring of strength
 V - an uncursed ring of protection from fire
Scrolls
 a - 2 scrolls of magic mapping
 e - 12 scrolls of remove curse
 h - 8 scrolls of fog
 j - 7 scrolls of teleportation
 n - 2 scrolls of immolation
 p - 4 scrolls of vulnerability
 w - 3 scrolls of identify
 y - a scroll of silence
 M - 8 scrolls of amnesia
Potions
 f - 2 potions of magic
 i - 2 potions of cancellation
 k - 5 potions of brilliance
 t - 7 potions of flight
 v - a potion of haste
 z - 4 potions of ambrosia
 A - 2 potions of mutation
 B - 2 potions of resistance
Miscellaneous
 R - a phial of floods (inert)
Comestibles
 c - 59 rations


   Skills:
 + Level 12.6(9.4) Fighting
 * Level 19.7(15.9) Short Blades
 * Level 14.6(11.2) Throwing
 * Level 12.8(9.6) Armour
 * Level 13.9(10.6) Dodging
 - Level 3.0(0.5) Stealth
 * Level 14.1(10.8) Shields
 * Level 9.0(6.1) Necromancy
 - Level 7.0(4.2) Invocations
 - Level 7.0(4.2) Evocations


You had 20 spell levels left.
You knew the following spells:

 Your Spells              Type           Power        Failure   Level  Hunger
a - Pain                  Necr           ###.         56%         1    ##.....

Your spell library contained the following spells:

 Spells                   Type           Power        Failure   Level  Hunger
 Animate Skeleton         Necr           N/A          56%         1    ##.....
 Vampiric Draining        Necr           ###.......   90%         3    ####...
 Beastly Appendage        Tmut           #.....       100%        1    ##.....
 Confusing Touch          Hex            #.....       100%        1    ##.....
 Corona                   Hex            #......      100%        1    ##.....
 Flame Tongue             Conj/Fire      #....        100%        1    ##.....
 Magic Dart               Conj           #...         100%        1    ##.....
 Summon Butterflies       Summ           #.......     100%        1    ##.....
 Blink                    Tloc           N/A          100%        2    ###....
 Call Imp                 Summ           #.......     100%        2    ###....
 Ensorcelled Hibernation  Hex/Ice        #.....       100%        2    ###....
 Slow                     Hex            #.......     100%        2    ###....
 Song of Slaying          Chrm           #.......     100%        2    ###....
 Sticks to Snakes         Tmut           #.......     100%        2    ###....
 Swiftness                Chrm/Air       #.......     100%        2    ###....
 Call Canine Familiar     Summ           #.......     100%        3    ####...
 Confuse                  Hex            #.......     100%        3    ####...
 Conjure Flame            Conj/Fire      #.......     100%        3    ####...
 Dazzling Spray           Conj/Hex       #.....       100%        3    ####...
 Gell's Gravitas          Tloc           #.........   100%        3    ####...
 Ignite Poison            Fire/Tmut/Pois #.......     100%        3    ####...
 Mephitic Cloud           Conj/Pois/Air  #.......     100%        3    ####...
 Regeneration             Chrm/Necr      #.........   100%        3    ####...
 Spectral Weapon          Hex/Chrm       #.......     100%        3    ####...
 Spider Form              Tmut/Pois      #.........   100%        3    ####...
 Static Discharge         Conj/Air       #.......     100%        3    ####...
 Tukima's Dance           Hex            #.......     100%        3    ####...
 Animate Dead             Necr           N/A          100%        4    #####..
 Cause Fear               Hex            #.........   100%        4    #####..
 Ice Form                 Ice/Tmut       #.......     100%        4    #####..
 Iskenderun's Mystic Bla  Conj           #.......     100%        4    #####..
 Leda's Liquefaction      Hex/Erth       #.........   100%        4    #####..
 Petrify                  Tmut/Erth      #.......     100%        4    #####..
 Summon Ice Beast         Ice/Summ       #.......     100%        4    #####..
 Alistair's Intoxication  Tmut/Pois      #.......     100%        5    ######.
 Blade Hands              Tmut           #.........   100%        5    ######.
 Bolt of Magma            Conj/Fire/Erth #.........   100%        5    ######.
 Lightning Bolt           Conj/Air       #.........   100%        5    ######.
 Metabolic Englaciation   Hex/Ice        #.........   100%        5    ######.
 Silence                  Hex/Air        #.........   100%        5    ######.
 Summon Mana Viper        Hex/Summ       #.......     100%        5    ######.
 Yara's Violent Unravell  Hex/Tmut       #.........   100%        5    ######.
 Deflect Missiles         Chrm/Air       #.........   100%        6    #######
 Iron Shot                Conj/Erth      #.........   100%        6    #######
 Statue Form              Tmut/Erth      #........    100%        6    #######
 Summon Hydra             Summ           #.........   100%        7    #######
 Discord                  Hex            #.........   100%        8    #######
 Ignition                 Fire           #.........   100%        8    #######
 Shatter                  Erth           #.........   100%        9    #######
 Tornado                  Air            #.........   100%        9    #######


Dungeon Overview and Level Annotations

Branches:
Dungeon (15/15)            Temple (1/1) D:7            Lair (6/6) D:10
 Shoals (0/4) Lair:4       Spider (4/4) Lair:4        Slime (0/5) Lair:6
    Orc (2/2) D:11            Elf (1/3) Orc:2        Vaults (2/5) D:13
  Crypt (0/3) Vaults:2     Depths (3/5) D:15

Altars:
Ashenzari
Cheibriados
Dithmenos
Elyvilon
Fedhas
Gozag
Hepliaklqana
Kikubaaqudgha
Makhleb
Nemelex Xobeh
Okawaru
Qazlal
Ru
Sif Muna
Trog
Uskayaw
Vehumet
Wu Jian
Xom
Yredelemnul
Zin
The Shining One
Beogh
Jiyva

Shops:
D:6 (   D:11 [   Orc:2 =(*[

Portals:
Hell: Depths:1 Depths:2
Trove: Depths:1 (give +3 shadow dragon scales)

Annotations:
Lair:6 1 runed door
Spider:4 Arachne
Vaults:1 3 runed doors, Dacon's ghost, adept MiGl
Vaults:2 Boris; Jory


Innate Abilities, Weirdness & Mutations

You are small and have problems with some larger weapons.
You are carnivorous and can eat meat at any time.
You possess an exceptional clarity of mind.
Your system is resistant to poisons. (rPois)


Message History

The shadow is moderately damaged.
The shadow dragon bites you! The shadow dragon claws you.
The shadow dragon claws you but does no damage.
You hit the shadow.
The shadow is heavily damaged.
The shadow hits you.
The shadow dragon breathes negative energy at you.
The bolt of negative energy hits you!
You feel drained.
* * * LOW HITPOINT WARNING * * *
You block the shadow's attack.
There is a stone staircase leading down, spattered with blood here.
Things that are here:
22 bolts; a +0 arbalest
As you read the scroll of fear, it crumbles to dust.
You assume a fearsome visage.
The shadow dragon resists with almost no effort.
The shadow is unaffected.
You block the shadow's attack.
The shadow dragon breathes negative energy at you.
The bolt of negative energy hits you!
You feel drained.
You die...

≈≈≈,#≈≈≈≈≈≈≈##≈≈≈≈≈≈≈≈≈≈≈≈≈≈≈≈≈≈≈
≈**##≈≈≈≈≈≈≈≈≈≈≈≈≈###≈≈≈≈≈≈≈≈≈≈≈#
#* #≈≈≈≈≈≈≈##≈≈≈≈#####≈≈≈≈≈≈≈≈≈##
######≈≈≈≈##≈≈≈....#####..≈≈≈≈≈≈#
.##....≈≈≈≈≈≈........####......≈≈
........≈≈.......................
...............WD................
...............<><...............
################@################
#)# #<# #.# ###


You could see a shadow dragon and a shadow.

Vanquished Creatures
  Nikola (Vaults:1)
  2 liches (Depths:2)
  A deep elf blademaster (Lair:3)
  A sphinx (Depths:2)
  A quicksilver dragon (Depths:2)
  Gastronok (D:12)
  Roxanne (Spider:2)
  Kirke (D:15)
  A fire giant (Depths:1)
  Louise (D:15)
  2 vault wardens
  2 frost giants (Depths:2)
  An orc warlord (Orc:2)
  6 ghost moths
  2 ironheart preservers
  3 emperor scorpions
  10 stone giants
  7 very ugly things
  2 entropy weavers (Lair:4)
  A vampire knight (Depths:2)
  An entropy weaver (shapeshifter) (D:15)
  Azrael (Spider:1)
  5 ettins
  3 spark wasps (Spider:4)
  Snorg (D:13)
  4 fire dragons
  2 eidola (Depths:3)
  7 yaktaur captains
  3 rakshasas
  2 great orbs of eyes (Depths:1)
  Harold (D:8)
  2 spriggan air magi (Depths:2)
  A naga warrior (Lair:1)
  6 hydras
  3 ice dragons
  A catoblepas (D:13)
  4 tengu warriors
  7 centaur warriors
  4 dancing weapons
  7 ogre magi
  30 two-headed ogres
  2 deep troll earth magi (Depths:2)
  The ghost of aubilenon the Destroyer, a novice DgCj (Lair:1)
  A spriggan berserker (Depths:2)
  A queen ant (Lair:4)
  A death yak (Lair:6)
  Urug (D:12)
  17 slime creatures
  A deep elf knight (Lair:1)
  4 hell knights (D:14)
  Nergalle (Lair:2)
  A fire crab (Volcano)
  3 unseen horrors
  A shadow wraith (Depths:3)
  The ghost of JimmyWheeler the Destroyer, a novice GnCj of Vehumet (D:8)
  5 skeletal warriors
  3 deep elf archers (Elf:1)
  A spectral anaconda (Depths:3)
  2 wizards
  3 deep trolls (Depths:2)
  A swamp dragon (Lair:6)
  An unseen horror (shapeshifter) (D:15)
  A glowing orange brain (Depths:2)
  A flayed ghost (Depths:3)
  2 orc knights
  3 harpies (Vaults:2)
  An ironbrand convoker (Vaults:1)
  9 deep elf magi
  A phantasmal warrior (Depths:3)
  3 necromancers (D:14)
  A lindwurm (Volcano)
  46 wolf spiders
  2 orc sorcerers
  21 orb spiders
  3 moths of wrath
  18 ugly things
  A manticore (D:14)
  17 cyclopes
  2 cyclopes (shapeshifter)
  11 elephants (Lair:5)
  3 black mambas
  2 centaur zombies
  A guardian serpent (shapeshifter) (Depths:2)
  A naga mage (Lair:1)
  4 vault sentinels
  19 spiny frogs
  3 torpor snails
  3 gargoyles
  2 centaur skeletons
  3 rime drakes (Lair:6)
  An efreet (D:15)
  A freezing wraith (Vaults:1)
  8 komodo dragons
  18 yaktaurs
  A spectral merfolk (Depths:3)
  7 demonic crawlers
  3 kobold demonologists
  7 trolls
  2 polar bears
  An ice devil (D:15)
  2 tengu conjurers (Depths:2)
  36 jumping spiders
  4 merfolk (Lair:1)
  2 meliai (D:13)
  A hornet (shapeshifter) (D:13)
  5 hornets
  Prince Ribbit (D:8)
  8 dream sheep
  A snapping turtle (Lair:4)
  5 raiju (Depths:3)
  A blink frog (shapeshifter) (Depths:2)
  9 hippogriffs
  An air elemental (Elf:1)
  Sigmund (D:3)
  80 redbacks
  A water elemental (Depths:1)
  50 yaks
  4 shadows
  25 tarantellas
  A hog (shapeshifter) (Vaults:1)
  3 wyverns
  8 basilisks
  4 wraiths
  A fire elemental (Spider:1)
  A human (shapeshifter) (D:15)
  8 fire bats (Volcano)
  A steam dragon (Volcano)
  2 hungry ghosts
  3 vampire mosquitoes (D:15)
  4 wargs
  Menkaure (D:7)
  2 nagas
  11 water moccasins
  14 hell hounds
  2 acid dragons
  15 soldier ants
  A floating eye (Depths:2)
  13 porcupines
  An acid dragon (shapeshifter) (D:13)
  A floating eye (shapeshifter) (D:13)
  A hydra simulacrum (Depths:3)
  A spectral troll (Depths:3)
  3 ice beasts
  3 swamp drakes (Lair:6)
  19 orc warriors
  2 phantoms (D:9)
  A black bear (shapeshifter) (D:13)
  27 ogres
  6 sky beasts
  5 black bears
  3 boggarts (D:15)
  A tengu (shapeshifter) (Depths:1)
  12 wolves
  15 centaurs
  21 crocodiles
  20 bullfrogs
  7 big kobolds
  2 gnoll sergeants (D:8)
  A hornet simulacrum (Vaults:1)
  8 scorpions
  13 killer bees
  3 electric eels
  6 wights
  A howler monkey (D:4)
  6 lava snakes (Volcano)
  8 crimson imps
  2 bullfrog zombies
  A bullfrog skeleton (D:4)
  5 hounds
  18 orc priests
  3 jellies
  23 orc wizards
  2 gnoll shamans
  Terence (D:3)
  35 worker ants
  8 iguanas
  A hound skeleton (D:4)
  A mummy (Ossuary)
  A worker ant zombie (D:10)
  10 gnolls
  14 adders
  A shadow imp (D:7)
  5 oozes
  An adder skeleton (D:4)
  7 worms
  A dart slug (D:1)
  8 leopard geckos
  70 orcs
  11 bats
  7 giant cockroaches
  4 goblins
  11 hobgoblins
  6 jackals
  49 kobolds
  6 quokkas
  2 ball pythons (Sewer)
  7 frilled lizards
  5 gnoll skeletons (Ossuary)
  A goblin skeleton (D:8)
  A goblin zombie (D:5)
  A jackal zombie (D:5)
  3 kobold skeletons (Ossuary)
  2 leopard gecko skeletons
  17 orc skeletons (Ossuary)
  9 rats
  4 fungi (Orc:2)
  2 plants
1322 creatures vanquished.

Vanquished Creatures (collateral kills)
  An emperor scorpion (Spider:2)
  A stone giant (Lair:4)
  A merfolk impaler (Lair:1)
  A hydra (Lair:4)
  A naga warrior (Lair:4)
  An ogre mage (D:15)
  2 deep elf knights (Lair:4)
  2 deep elf archers (Lair:4)
  An orc sorcerer (D:15)
  3 wolf spiders
  A deep elf mage (D:15)
  A manticore (D:15)
  2 orb spiders
  An ugly thing (D:15)
  A naga mage (Lair:4)
  A spiny frog (Lair:6)
  A komodo dragon (D:15)
  A demonic crawler (Spider:3)
  2 jumping spiders
  A hornet (Spider:4)
  4 dream sheep (Lair:6)
  2 redbacks (Spider:3)
  2 tarantellas (Spider:3)
  A naga (Lair:4)
  A soldier ant (Lair:4)
  2 hell hounds (D:14)
  A sky beast (D:15)
  A crocodile (Lair:2)
  A big kobold (D:15)
41 creatures vanquished.

Vanquished Creatures (others)
  A fire giant (Vaults:2)
  A deep elf mage (Elf:1)
  An ugly thing (D:15)
  A freezing wraith (Vaults:2)
  3 humans (D:15)
  A tarantella (Spider:3)
  A hell hound (Volcano)
  An ogre (Vaults:1)
  An orc wizard (Vaults:1)
  A kobold (D:15)
  26 fungi
  13 plants
51 creatures vanquished.

Grand Total: 1414 creatures vanquished

Notes
Turn   | Place    | Note
-------+----------+-------------------------------------------
     0 | D:1      | Widdershanks the Kobold Monk began the quest for the Orb.
     0 | D:1      | Reached XP level 1. HP: 14/14 MP: 1/1
    37 | D:1      | Reached XP level 2. HP: 15/19 MP: 2/2
   347 | D:1      | Found a sparkling altar of Nemelex Xobeh.
   576 | D:1      | Reached XP level 3. HP: 23/23 MP: 3/3
  1299 | D:2      | Reached skill level 1 in Throwing
  1299 | D:2      | Reached skill level 1 in Armour
  1299 | D:2      | Reached XP level 4. HP: 29/29 MP: 4/4
  2029 | D:2      | Reached XP level 5. HP: 33/33 MP: 5/5
  2610 | D:3      | Found a hide-covered altar of Uskayaw.
  2916 | D:3      | Reached skill level 5 in Short Blades
  3240 | D:3      | Noticed Sigmund
  3260 | D:3      | Killed Sigmund
  3260 | D:3      | Reached XP level 6. HP: 32/39 MP: 4/6
  3275 | D:3      | Noticed Terence
  3288 | D:3      | Killed Terence
  3649 | D:4      | Reached XP level 7. HP: 42/44 MP: 5/7
  3753 | D:4      | Got a brightly glowing turquoise ring
  3754 | D:4      | Identified the ring "Ikacur" {rCorr Int+3} (You found it on
                  | level 4 of the Dungeon)
  4072 | D:4      | Reached skill level 1 in Evocations
  4849 | D:5      | Entered Level 5 of the Dungeon
  5011 | D:5      | Found a sand-covered staircase.
  5071 | D:5      | Reached XP level 8. HP: 32/48 MP: 6/9
  5199 | Ossuary  | Entered an ossuary
  5199 | Ossuary  | Noticed a wraith
  5199 | Ossuary  | Noticed a wraith
  5199 | Ossuary  | Noticed a wraith
  5283 | Ossuary  | Reached skill level 5 in Fighting
  5558 | Ossuary  | Noticed a wraith
  5597 | Ossuary  | Killed a wraith
  6232 | D:6      | Reached skill level 5 in Throwing
  6257 | D:6      | Found a white marble altar of Elyvilon.
  6320 | D:6      | Found a glowing drain.
  6474 | Sewer    | Entered a sewer
  6672 | Sewer    | Reached XP level 9. HP: 47/55 MP: 9/11
  7097 | D:6      | Reached skill level 6 in Short Blades
  7155 | D:6      | Found Nuvvazof's Weapon Emporium.
  7306 | D:6      | Reached skill level 5 in Armour
  7677 | D:7      | Identified the Papyrus of Assistive Envenoming
  7962 | D:7      | Found a staircase to the Ecumenical Temple.
  8050 | Temple   | Entered the Ecumenical Temple
  8133 | Temple   | Became a worshipper of Warmaster Okawaru
  8133 | Temple   | Reached * piety under Okawaru
  8133 | Temple   | Reached ** piety under Okawaru
  8375 | D:7      | Noticed Menkaure
  8384 | D:7      | Killed Menkaure
  8617 | D:8      | Noticed Prince Ribbit
  8638 | D:8      | Killed Prince Ribbit
  8638 | D:8      | Reached skill level 5 in Dodging
  8774 | D:8      | Got a faintly glowing short sword
  8775 | D:8      | Identified the +3 short sword of Qoru Ali {freeze, Str+7}
                  | (You found it on level 8 of the Dungeon)
  8852 | D:8      | Reached XP level 10. HP: 61/61 MP: 13/13
  9013 | D:8      | Found a runed door.
  9015 | D:8      | Reached skill level 1 in Invocations
  9016 | D:8      | Found a basalt altar of Yredelemnul.
  9121 | D:8      | Found a runed gate.
  9179 | D:8      | Found a runed gate.
  9179 | D:8      | Found a runed gate.
  9179 | D:8      | Noticed JimmyWheeler's ghost (novice GnCj)
  9493 | D:8      | Reached skill level 7 in Short Blades
  9493 | D:8      | Reached skill level 5 in Evocations
  9664 | D:8      | Reached *** piety under Okawaru
  9856 | D:8      | Noticed Harold
  9902 | D:8      | Killed Harold
  9902 | D:8      | Reached skill level 8 in Short Blades
 10312 | D:8      | Got a faintly glowing tin amulet
 10327 | D:8      | Identified the amulet "Zehuj" {Inacc MR+} (You found it on
                  | level 8 of the Dungeon)
 10751 | D:8      | Killed JimmyWheeler's ghost
 10751 | D:8      | Reached XP level 11. HP: 65/67 MP: 6/15
 10964 | D:9      | Received a gift from Okawaru
 11034 | D:9      | Reached skill level 9 in Short Blades
 11158 | D:9      | Noticed a red ugly thing
 11173 | D:9      | Killed a red ugly thing
 11537 | D:9      | Received a gift from Okawaru
 12025 | D:10     | Entered Level 10 of the Dungeon
 12121 | D:10     | Found an ornate altar of the Wu Jian Council.
 12303 | D:10     | Found a staircase to the Lair.
 12323 | D:10     | Reached **** piety under Okawaru
 12323 | D:10     | Reached skill level 1 in Shields
 13023 | D:10     | Reached skill level 10 in Short Blades
 13198 | D:10     | Noticed an unseen horror
 13204 | D:10     | Killed an unseen horror
 13591 | D:11     | Found Josh's Antique Armour Shop.
 13662 | D:11     | Bought a glowing scarf for 232 gold pieces
 13662 | D:11     | Bought a bloodstained chain mail for 275 gold pieces
 13682 | D:11     | Identified the +8 chain mail of Giele {Str+2} (You bought
                  | it in a shop on level 11 of the Dungeon)
 13842 | D:11     | Noticed a two-headed ogre
 13865 | D:11     | Killed a two-headed ogre
 13865 | D:11     | Reached ***** piety under Okawaru
 13865 | D:11     | Reached XP level 12. HP: 46/73 MP: 10/17
 13978 | D:11     | Found a staircase to the Orcish Mines.
 14005 | D:11     | Noticed a two-headed ogre
 14013 | D:11     | Killed a two-headed ogre
 14059 | D:11     | Noticed a two-headed ogre
 14064 | D:11     | Killed a two-headed ogre
 14064 | D:11     | Received a gift from Okawaru
 14064 | D:11     | Reached skill level 11 in Short Blades
 14091 | D:11     | Reached skill level 5 in Invocations
 14622 | D:11     | Received a gift from Okawaru
 15152 | D:12     | Got a translucent leather armour
 15155 | D:12     | Noticed Gastronok
 15178 | D:12     | Killed Gastronok
 15178 | D:12     | Received a gift from Okawaru
 15183 | D:12     | Got a brightly glowing dagger {god gift}
 15200 | D:12     | Identified the +1 dagger "Beuneavig" {drain, *Rage rPois
                  | rC+ MR++} (Okawaru gifted it to you on level 12 of the
                  | Dungeon)
 15285 | D:11     | Identified the +0 leather armour of the Fisher {Int+5
                  | Dex-5} (You found it on level 12 of the Dungeon)
 15753 | D:12     | Noticed an unseen horror
 15772 | D:12     | Killed an unseen horror
 15772 | D:12     | Received a gift from Okawaru
 15772 | D:12     | Reached skill level 12 in Short Blades
 16001 | D:12     | Noticed Urug
 16029 | D:12     | Killed Urug
 16402 | D:12     | Reached XP level 13. HP: 74/79 MP: 15/18
 16754 | D:13     | Noticed a centaur warrior
 16798 | D:13     | Killed a centaur warrior
 16875 | D:13     | Noticed a six-headed hydra
 17127 | D:13     | Killed a six-headed hydra
 17127 | D:13     | Received a gift from Okawaru
 17184 | D:13     | Reached ****** piety under Okawaru
 17245 | D:13     | Noticed a catoblepas
 17288 | D:13     | Killed a catoblepas
 17288 | D:13     | Received a gift from Okawaru
 17288 | D:13     | Reached skill level 10 in Throwing
 17411 | D:13     | Found a gate to the Vaults.
 17985 | D:13     | Reached skill level 5 in Shields
 18250 | D:13     | Noticed Snorg
 18255 | D:13     | Killed Snorg
 18368 | D:13     | Got a polished falchion
 18369 | D:13     | Identified the +4 falchion of the Morning {slice, SInv}
                  | (You found it on level 13 of the Dungeon)
 18755 | D:14     | Received a gift from Okawaru
 19032 | D:14     | Identified a scroll of acquirement
 19033 | D:14     | Got a pair of distressingly furry boots
 19044 | D:14     | Identified the +0 pair of boots of Dice, Bag, and Bottle
                  | {rElec rPois Str+2} (You acquired it on level 14 of the
                  | Dungeon)
 19057 | D:14     | Reached skill level 13 in Short Blades
 19061 | D:14     | Noticed a seven-headed hydra
 19067 | D:14     | Killed a seven-headed hydra
 19181 | D:14     | Reached XP level 14. HP: 76/86 MP: 12/19
 19698 | D:14     | Reached skill level 10 in Dodging
 20252 | D:15     | Entered Level 15 of the Dungeon
 20536 | D:15     | Found a shadowy altar of Dithmenos.
 20593 | D:15     | Received a gift from Okawaru
 20620 | D:15     | Noticed Kirke
 20638 | D:15     | Killed Kirke
 20786 | D:15     | Received a gift from Okawaru
 21043 | D:15     | Noticed Louise
 21069 | D:15     | Killed Louise
 21069 | D:15     | Received a gift from Okawaru
 21434 | D:15     | Reached skill level 14 in Short Blades
 21542 | D:15     | Noticed an entropy weaver
 21542 | D:15     | a fire dragon changed into an entropy weaver
 21560 | D:15     | Killed an entropy weaver
 21606 | D:15     | Found a staircase to the Depths.
 21728 | D:15     | Reached XP level 15. HP: 86/92 MP: 20/20
 21850 | D:15     | Reached skill level 10 in Fighting
 22173 | D:15     | Received a gift from Okawaru
 22295 | D:15     | Learned a level 1 spell: Pain
 22464 | D:15     | Received a gift from Okawaru
 22960 | Lair:1   | Entered Level 1 of the Lair of Beasts
 23428 | Lair:1   | Reached skill level 1 in Necromancy
 23525 | Lair:1   | Found a transporter.
 23529 | Lair:1   | Found a transporter.
 23529 | Lair:1   | Noticed aubilenon's ghost (novice DgCj)
 24263 | Lair:2   | Noticed Nergalle
 24306 | Lair:2   | Killed Nergalle
 25538 | Lair:3   | Reached skill level 10 in Armour
 25676 | Lair:3   | Received a gift from Okawaru
 26178 | Lair:3   | Reached skill level 16 in Short Blades
 26178 | Lair:3   | Reached XP level 16. HP: 98/98 MP: 21/21
 26395 | Lair:4   | Found a dark tunnel.
 26403 | Volcano  | Entered a volcano
 26490 | Volcano  | Received a gift from Okawaru
 26724 | Volcano  | Found a radiant altar of Vehumet.
 27162 | Lair:4   | Found a staircase to the Shoals.
 27392 | Lair:4   | Received a gift from Okawaru
 27395 | Lair:4   | Was placed under penance by Okawaru
 27395 | Lair:4   | Reached XP level 17. HP: 103/103 MP: 22/22
 27438 | Lair:4   | Got a twisted ring mail {god gift}
 27595 | Lair:4   | Found a hole to the Spider Nest.
 27643 | Lair:4   | Noticed a deep elf blademaster
 27676 | Lair:1   | Was forgiven by Okawaru
 27907 | Lair:1   | Identified the +1 ring mail of Sloth {MR+ Str+5} (Okawaru
                  | gifted it to you on level 4 of the Lair of Beasts)
 28409 | Orc:1    | Entered Level 1 of the Orcish Mines
 28899 | Orc:1    | Found a roughly hewn altar of Beogh.
 29052 | Orc:2    | Entered Level 2 of the Orcish Mines
 29551 | Orc:2    | Found Uwyhu's Jewellery Shop.
 29952 | Orc:2    | Found Judy's Antique Weapon Boutique.
 30012 | Orc:2    | Reached skill level 10 in Shields
 30501 | Orc:2    | Found a roughly hewn altar of Beogh.
 30530 | Orc:2    | Found a staircase to the Elven Halls.
 30607 | Orc:2    | Found Makochiz's Antique Armour Boutique.
 30630 | Orc:2    | Found Wubutuck's General Store.
 30842 | Orc:2    | Bought a scroll of magic mapping for 49 gold pieces
 30842 | Orc:2    | Bought a scroll of summoning for 133 gold pieces
 31011 | Lair:1   | Killed aubilenon's ghost
 31061 | Lair:1   | Reached skill level 17 in Short Blades
 31061 | Lair:1   | Reached XP level 18. HP: 108/108 MP: 23/23
 31120 | Lair:3   | Killed a deep elf blademaster
 31383 | Lair:4   | Found a shimmering altar of Xom.
 32073 | Lair:5   | Got a shimmering chain mail
 32074 | Lair:5   | Identified the +7 chain mail of the Tundras {rN+ Int+2
                  | Slay-5 Stlth+} (You found it on level 5 of the Lair of
                  | Beasts)
 32354 | Lair:5   | Received a gift from Okawaru
 32839 | Lair:6   | Entered Level 6 of the Lair of Beasts
 33103 | Lair:6   | Found a runed door.
 33103 | Lair:6   | Found a viscous altar of Jiyva.
 33103 | Lair:6   | Found a staircase to the Slime Pits.
 34298 | Orc:2    | Bought the ring "Hilil" {rC+ Slay+3} for 669 gold pieces
 34298 | Orc:2    | Bought a +4 ring of strength for 405 gold pieces
 34432 | Spider:1 | Entered Level 1 of the Spider Nest
 35108 | Spider:1 | Noticed Azrael
 35120 | Spider:1 | Reached skill level 5 in Necromancy
 35155 | Spider:1 | Reached skill level 18 in Short Blades
 35193 | Spider:1 | Killed Azrael
 35193 | Spider:1 | Reached XP level 19. HP: 114/114 MP: 24/24
 36052 | Spider:1 | Received a gift from Okawaru
 36362 | Spider:1 | Got a scorched ring mail
 36398 | Spider:1 | Got a twisted spear
 36417 | Spider:1 | Identified the cursed +1 ring mail of the Thirsty Beds {rC-
                  | MR- Int+3 Dex+7} (You found it on level 1 of the Spider
                  | Nest)
 36424 | Spider:1 | Identified the cursed +1 spear of Axuit {pain, rF+ MR-
                  | Str+3} (You found it on level 1 of the Spider Nest)
 37009 | Spider:2 | Identified Roxanne's Almanac of Transformation
 37009 | Spider:2 | Noticed Roxanne
 38217 | Spider:2 | Killed Roxanne
 38316 | Spider:3 | Received a gift from Okawaru
 38385 | Spider:3 | Got a faintly glowing ring mail {god gift}
 39239 | Spider:2 | Identified the +0 ring mail of Fallacy {rElec MP+9 Stlth+}
                  | (Okawaru gifted it to you on level 3 of the Spider Nest)
 40763 | Spider:4 | Entered Level 4 of the Spider Nest
 41776 | Spider:4 | Reached XP level 20. HP: 57/120 MP: 2/25
 42647 | Spider:4 | Received a gift from Okawaru
 42658 | Spider:4 | Noticed Arachne
 43075 | Spider:4 | Got a gossamer rune of Zot
 43349 | Elf:1    | Entered Level 1 of the Elven Halls
 43392 | Elf:1    | Received a gift from Okawaru
 43629 | Elf:1    | Got a transparent ring mail {god gift}
 43633 | Elf:1    | Identified the +2 ring mail of Curiosity {rF++} (Okawaru
                  | gifted it to you on level 1 of the Elven Halls)
 43875 | Depths:1 | Entered Level 1 of the Depths
 45796 | Depths:1 | Found a portal to a secret trove of treasure.
 45879 | Depths:1 | Found a gateway to Hell.
 47050 | Depths:2 | Received a gift from Okawaru
 47117 | Depths:2 | Got a shimmering dagger {god gift}
 47170 | Depths:2 | Identified the +0 dagger "Hydraslayer" {holy, rC++}
                  | (Okawaru gifted it to you on level 2 of the Depths)
 47573 | Depths:2 | Reached skill level 19 in Short Blades
 47720 | Depths:2 | Reached XP level 21. HP: 127/127 MP: 24/26
 49866 | Depths:2 | Noticed a lich
 49894 | Depths:2 | Killed a lich
 49894 | Depths:2 | Received a gift from Okawaru
 50059 | Depths:2 | Identified Widetabo's Reference Book on Attacks
 50064 | Depths:2 | Got a pair of scorched boots
 50077 | Depths:2 | Identified the +0 pair of boots of the Salamander {-Cast
                  | Dex+4} (You found it on level 2 of the Depths)
 51950 | Vaults:1 | Entered Level 1 of the Vaults
 52008 | Vaults:1 | Gained mutation: Armour fits poorly on your strangely
                  | shaped body. [a neqoxec]
 52010 | Vaults:1 | Gained mutation: You are clumsy. (Dex -2) [a neqoxec]
 52014 | Vaults:1 | Gained mutation: Your magical capacity is low. (-10% MP) [a
                  | neqoxec]
 52415 | D:13     | Lost mutation: You are clumsy. (Dex -2) [potion of
                  | mutation]
 52415 | D:13     | Lost mutation: Armour fits poorly on your strangely shaped
                  | body. [potion of mutation]
 52415 | D:13     | Lost mutation: Your magical capacity is low. (-10% MP)
                  | [potion of mutation]
 52415 | D:13     | Gained mutation: Your system is resistant to poisons.
                  | (rPois) [potion of mutation]
 52415 | D:13     | Gained mutation: You possess an exceptional clarity of
                  | mind. [potion of mutation]
 52464 | Vaults:1 | Received a gift from Okawaru
 52765 | Vaults:1 | Noticed Nikola
 52798 | Vaults:1 | Killed Nikola
 53591 | Vaults:1 | Received a gift from Okawaru
 53592 | Vaults:1 | Got a spiked buckler {god gift}
 53599 | Vaults:1 | Identified the +0 buckler "Boefot" {*Slow rCorr Str+6
                  | Stlth+} (Okawaru gifted it to you on level 1 of the Vaults)
 54337 | Vaults:1 | Found a runed gate.
 54337 | Vaults:1 | Found a runed gate.
 54337 | Vaults:1 | Found a runed gate.
 54338 | Vaults:1 | Noticed Dacon's ghost (adept MiGl)
 54794 | Vaults:2 | Noticed Boris
 54865 | Vaults:2 | Reached XP level 22. HP: 112/133 MP: 15/27
 54867 | Vaults:2 | Noticed Jory
 54879 | Vaults:2 | Found a basalt altar of Yredelemnul.
 56612 | Depths:3 | Killed from afar by a shadow dragon

Vault maps used:
D:1:      dpeg_arrival_tiny_b, nemelex_xobeh_ov_fountains_minmay
D:2:      minmay_bisected
D:3:      eat_drink_and_be_merry_uskayaw, uniq_terence, uniq_sigmund
D:4:      first_ration
D:5:      enter_ossuary_3
D:6:      basic_altar, cheibrodos_sewer_entry_sluice, serial_shops, shop,
          kennysheep_generic_room_11
D:7:      minmay_temple_entry_junction, uniq_menkaure
D:8:      kennysheep_housing_project, ebering_ghost_rock_garden,
          dk_yredelemnul_ordeal, uniq_harold, uniq_prince_ribbit1
D:10:     minmay_lair_entry_grove, grunt_ogre_cave, nicolae_zen_rock_garden,
          lemuel_tele_altar
D:11:     david_orc_3, serial_shops, shop
D:12:     minmay_misc_feat_encased, uniq_gastronok, uniq_urug
D:13:     david_vaults_2, eino_jars, uniq_snorg
D:14:     chequers_arboretum, minmay_rotating_lava
D:15:     hangedman_depths_entry_civil_slaughter,
          nicolae_dithmenos_the_darkroom, spider_trap, uniq_kirke, uniq_louise
Temple:   compressed_dpeg_circular_temple
Lair:1:   gammafunk_ghost_arena, lemuel_fruit_fields
Lair:2:   uniq_nergalle
Lair:3:   st_stairs_5, grunt_megastairs_3, infiniplex_staircase_pool_2
Lair:4:   minmay_shoals_entry_hut, spider_nest_entry_a, basic_altar,
          nicolae_volcano_entry_hallway, zaba_anthell, lemuel_fruit_tree
Lair:5:   grunt_megastairs_2, lemuel_fruit_fields
Lair:6:   guppyfry_lair_end_dragon, slime_altar_2, st_stairs_7
Spider:1: nicolae_spider_mines_1, uniq_azrael
Spider:2: uniq_roxanne
Spider:4: johnstein_spider_rune_arachne_lair, nicolae_orb_island
Orc:1:    minmay_orc_temple_b
Orc:2:    grunt_orc_gardens, grunt_orc_garden, grunt_orc_garden,
          grunt_orc_garden, grunt_orc_garden, basic_altar
Elf:1:    eino_elf_arrival_the_gate, minmay_elf_crystal_heptagon,
          grunt_ministairs_15, nrook_loot_triangle
Vaults:1: gammafunk_vaults_ghost_spectres, hangedman_vaults_stretched_pinwheel,
          nicolae_vaults_network_quinsquares, v_misc_27,
          vaults_standard_mumra_enter_the_diamond,
          nicolae_vaults_diagonal_hallway_8, nicolae_vaults_yaktaur_gun_rack,
          nicolae_vaults_network_s, ontoclasm_vaults_spin,
          ontoclasm_vaults_misaligned, v_misc_25, vaults_dpeg_ring, uniq_nikola
Vaults:2: ontoclasm_vaults_hangar, minmay_crypt_entry_necro_gods, st_star,
          ontoclasm_vaults_ligature, hangedman_vaults_hat,
          ontoclasm_vaults_gateway, vaults_room_grunt_arrival_ludios,
          nicolae_vaults_theta, vaults_room_fours, grunt_vaults_funnel,
          v_misc_27, v_misc_5, serial_shops, shop, uniq_boris, uniq_jory
Depths:1: hangedman_coc_ice_floe, serial_sigils_hangedman_confine,
          nicolae_trove_entry_diagonal, kennysheep_generic_room_12
Depths:2: minmay_the_grid_octo_tiled_squarecenter, serial_rivers,
          chequers_serial_rivers_small_3, chequers_serial_rivers_micro_b,
          chequers_serial_rivers_small_a, chequers_serial_rivers_micro_e,
          hell_entry
Depths:3: lemuel_river_lethe, pan_entry, abyss_entry, hell_entry
Sewer:    kennysheep_pipe_town
Ossuary:  ossuary_due_mausoleum
Volcano:  volcano_grotto

Skill      XL: |  1  2  3  4  5  6  7  8  9 10 11 12 13 14 15 16 17 18 19 20 21 22 |
---------------+-------------------------------------------------------------------+-----
Dodging        | 4 5 6 7 8 9 10 11 12 13 | 13.9
Throwing       | 1 2 3 4 5 7 8 9 10 11 12 13 14 | 14.6
Armour         | 1 2 3 4 5 6 7 8 9 10 11 12 | 12.8
Stealth        | 3 |  3.0
Short Blades   | 5 6 8 10 12 13 14 16 17 18 19 | 19.7
Fighting       | 4 5 6 7 8 9 10 11 12 | 12.6
Evocations     | 2 3 4 5 7 |  7.0
Invocations    | 3 4 6 7 |  7.0
Shields        | 1 3 6 7 9 10 11 12 13 14 | 14.1
Necromancy     | 2 3 4 5 6 7 8 9 |  9.0

Action                   |  1- 3 |  4- 6 |  7- 9 | 10-12 | 13-15 | 16-18 | 19-21 | 22-24 || total
-------------------------+-------+-------+-------+-------+-------+-------+-------+-------++-------
Melee: Short sword       |   110 |   126 |   176 |   982 |  2302 |  2824 |  4224 |   365 || 11109
       Rapier            |       |       |   179 |       |       |       |       |       ||   179
       Punch             |       |       |       |     1 |       |       |       |       ||     1
       Dagger            |       |       |       |       |    58 |       |   167 |       ||   225
       Quick blade       |       |       |       |       |       |       |     8 |       ||     8
 Fire: Hunting sling     |       |    92 |   286 |       |       |       |       |       ||   378
       Blowgun           |       |    25 |   132 |    20 |       |       |       |       ||   177
Throw: Stone             |    56 |    55 |    12 |       |       |       |       |       ||   123
       Throwing net      |       |       |     1 |    11 |     7 |     1 |     3 |       ||    23
       Tomahawk          |       |       |       |   140 |    77 |   120 |   314 |    19 ||   670
Invok: Heroism           |       |       |     1 |     3 |     7 |     8 |    12 |     2 ||    33
 Abil: Evoke Flight      |       |       |       |       |     2 |       |       |     1 ||     3
Evoke: Wand              |     5 |       |    16 |    18 |    62 |    32 |    27 |       ||   160
       Sack of spiders   |       |       |       |       |     3 |    13 |     1 |       ||    17
       Phial of floods   |       |       |       |       |     1 |     1 |     6 |     1 ||     9
       Box of beasts     |       |       |       |       |       |     2 |     1 |       ||     3
       Phantom mirror    |       |       |       |       |       |       |     1 |       ||     1
  Use: Scroll            |     1 |     5 |    15 |     7 |    11 |     9 |    28 |     5 ||    81
       Potion            |       |     1 |     7 |    12 |    11 |     7 |    23 |     3 ||    64
 Stab: Sleeping          |     1 |     3 |     1 |     4 |       |       |       |       ||     9
       Paralysed         |     2 |       |       |     1 |    21 |     8 |     4 |       ||    36
       Held in net/web   |       |       |       |     3 |     8 |       |     3 |       ||    14
       Petrified         |       |       |       |       |     1 |       |       |       ||     1
       Distracted        |       |       |       |       |     1 |       |     1 |       ||     2
       Confused          |       |       |       |       |       |     3 |       |       ||     3
  Eat: Chunk             |    10 |     5 |    17 |    37 |    74 |    34 |    84 |    11 ||   272
       Ration            |       |       |       |       |     1 |       |     7 |       ||     8
Armor: Robe              |    18 |     6 |       |       |       |       |       |       ||    24
       Chain mail        |       |    27 |   262 |   112 |   681 |   670 |  1217 |    66 ||  3035
       Skin              |       |    20 |       |       |       |       |     1 |       ||    21
       Ring mail         |       |       |    12 |    87 |       |       |       |       ||    99
       Scale mail        |       |       |       |    39 |       |       |       |       ||    39
Dodge: Dodged            |   106 |   117 |   202 |   498 |   760 |  1076 |  1878 |   133 ||  4770
       Deflected         |       |       |       |       |       |       |    56 |     5 ||    61
Block: Buckler           |       |       |       |   102 |       |       |       |       ||   102
       Shield            |       |       |       |    59 |   931 |  1352 |  2235 |   190 ||  4767

Table legend:
 A = Non-vault XP
 B = Vault XP
 C = Vault XP percentage of total XP
 D = Non-vault monster count
 E = Vault monster count
 F = Vault count percentage of total count
                 A         B        C        D         E       F
            +---------+---------+-------+---------+---------+-------
      Total |  259495 |  159557 |  38.1 |     912 |     432 |  32.1
            +---------+---------+-------+---------+---------+-------
        D:1 |      45 |       0 |   0.0 |      24 |       0 |   0.0
        D:2 |     149 |       3 |   2.0 |      29 |       2 |   6.5
        D:3 |      56 |     258 |  82.2 |      16 |       2 |  11.1
        D:4 |     346 |       0 |   0.0 |      10 |       0 |   0.0
        D:5 |     292 |       2 |   0.7 |      15 |       2 |  11.8
        D:6 |    1122 |       6 |   0.5 |      21 |       2 |   8.7
        D:7 |     668 |     169 |  20.2 |      16 |       1 |   5.9
        D:8 |    1422 |    2991 |  67.8 |      20 |      34 |  63.0
        D:9 |    1845 |       0 |   0.0 |      17 |       0 |   0.0
       D:10 |    1734 |    1713 |  49.7 |      21 |      13 |  38.2
       D:11 |    5620 |     260 |   4.4 |      31 |       6 |  16.2
       D:12 |    5924 |    3060 |  34.1 |      35 |       2 |   5.4
       D:13 |    7507 |    2709 |  26.5 |      33 |      13 |  28.3
       D:14 |   10547 |    5916 |  35.9 |      26 |      14 |  35.0
       D:15 |   33191 |    7991 |  19.4 |      83 |       9 |   9.8
     Lair:1 |    6720 |    1487 |  18.1 |      27 |       4 |  12.9
     Lair:2 |    2780 |     796 |  22.3 |      16 |       1 |   5.9
     Lair:3 |    6521 |     462 |   6.6 |      28 |       3 |   9.7
     Lair:4 |   10264 |    6874 |  40.1 |      31 |      45 |  59.2
     Lair:5 |   11555 |     287 |   2.4 |      39 |       2 |   4.9
     Lair:6 |    6076 |    5073 |  45.5 |      25 |      17 |  40.5
   Spider:1 |   25994 |    4737 |  15.4 |      81 |      13 |  13.8
   Spider:2 |   14018 |    2095 |  13.0 |      33 |       1 |   2.9
   Spider:3 |   14548 |    1168 |   7.4 |      46 |       2 |   4.2
   Spider:4 |    4070 |   33482 |  89.2 |      14 |      54 |  79.4
      Orc:1 |    2308 |    1997 |  46.4 |      15 |      15 |  50.0
      Orc:2 |    4680 |    7429 |  61.4 |      45 |      10 |  18.2
      Elf:1 |    3986 |    2725 |  40.6 |       7 |       6 |  46.2
   Vaults:1 |   19436 |   11665 |  37.5 |      36 |      14 |  28.0
   Vaults:2 |    5346 |   10763 |  66.8 |      11 |      16 |  59.3
   Depths:1 |   14086 |    1633 |  10.4 |      21 |       1 |   4.5
   Depths:2 |   36639 |   19562 |  34.8 |      40 |      18 |  31.0
   Depths:3 |       0 |   18088 | 100.0 |       0 |      40 | 100.0
      Sewer |       0 |     256 | 100.0 |       0 |      24 | 100.0
    Ossuary |       0 |     237 | 100.0 |       0 |      27 | 100.0
    Volcano |       0 |    3663 | 100.0 |       0 |      19 | 100.0
            +---------+---------+-------+---------+---------+-------
